 Dungeon Crawl Stone Soup version 0.21-a0-498-g1b60429 (webtiles) character file.

120 slep the Slasher (level 4, -6/33 HPs)
             Began as a Demonspawn Gladiator on Nov 25, 2017.
             Mangled by a two-headed ogre
             ... wielding a +0 giant spiked club
              (19 damage)
             ... on level 3 of the Dungeon.
             The game lasted 00:05:48 (1472 turns).

slep the Slasher (Demonspawn Gladiator)             Turns: 1472, Time: 00:05:49

Health: -6/33      AC: 10    Str: 16    XL:     4   Next: 75%
Magic:  4/4        EV:  8    Int:  9    God:
Gold:   175        SH:  0    Dex: 16    Spells: 3/3 levels left

rFire    . . .     SeeInvis .   a - +0 long sword
rCold    . . .     Gourm    .   (no shield)
rNeg     . . .     Faith    .   o - +0 chain mail
rPois    .         Spirit   .   c - +0 helmet
rElec    .         Reflect  .   t - +0 cloak
rCorr    .         Harm     .   (no gloves)
MR       .....     Rnd*Tele +   (no boots)
Stlth    ..........             (no amulet)
HPRegen  0.11/turn              e - ring of teleportation (curse)
MPRegen  0.09/turn              v - +2 ring of strength

@: no status effects
A: nightstalker 1
a: no special abilities


You were on level 3 of the Dungeon.
You were not hungry.

You visited 1 branch of the dungeon, and saw 3 of its levels.

You collected 175 gold pieces.

Inventory:

Hand Weapons
 a - a +0 long sword (weapon)
 q - a +1 dagger of speed
Missiles
 d - a throwing net (quivered)
 n - 2 tomahawks
 s - 15 poisoned needles
Armour
 b - a +0 leather armour
 c - a +0 helmet (worn)
 o - a +0 chain mail (worn)
 t - a +0 cloak (worn)
Jewellery
 e - a cursed ring of teleportation (left hand)
 v - a +2 ring of strength (right hand)
Scrolls
 g - 4 scrolls of identify {unknown}
 i - a scroll of remove curse {unknown}
 j - a scroll of enchant weapon {unknown}
 k - a scroll of amnesia {unknown}
 l - a scroll of enchant armour {unknown}
 p - 2 scrolls of teleportation {unknown}
Potions
 h - a potion of might {unknown}
 m - 2 potions of degeneration {unknown}
 r - a potion of lignification {unknown}
 u - a potion of mutation {unknown}
 x - a potion of flight {unknown}
Comestibles
 f - 3 bread rations
 w - a meat ration


   Skills:
 + Level 2.2 Fighting
 + Level 3.8 Long Blades
 + Level 1.8 Throwing
 + Level 1.2 Armour
 + Level 3.4 Dodging
 + Level 1.1 Stealth


You had 3 spell levels left.
You didn't know any spells.

Dungeon Overview and Level Annotations

Branches:
Dungeon (3/15)

Altars:
Ashenzari


Innate Abilities, Weirdness & Mutations

You are slightly more attuned to the shadows.


Message History

You hit the two-headed ogre.
The two-headed ogre is lightly wounded.
The two-headed ogre struggles against the net.
You hit the two-headed ogre.
The two-headed ogre is lightly wounded.
The two-headed ogre struggles against the net.
The net rips apart, and the two-headed ogre comes free!
You hit the two-headed ogre.
The two-headed ogre is lightly wounded.
The two-headed ogre hits you with a giant spiked club!!
Ouch! That really hurt!
The two-headed ogre barely misses you.
Throwing (i - inventory. (,) - cycle):
d - 2 throwing nets (quivered)
Press: ? - help, Shift-Dir - straight line, f/p - two-headed ogre
Aim: a two-headed ogre, wielding a giant spiked club and a giant club (lightly wounded)
You throw a throwing net.
The throwing net closely misses the two-headed ogre.
The two-headed ogre hits you with a giant spiked club!!
Ouch! That really hurt!
You die...

#.)##..# #...#..#
#......# #########
###...######..(....#
##.......'.......#
#.>.#####.......#
##..# #.......#
#..#####..O....#
.###......#..@†...#
.......##.#.......#
####.#....'.......#
#.####.#.......#
#......#.......#
########.......#
#########


You could see a two-headed ogre.

Vanquished Creatures
  Jessica (D:2)
  4 adders
  An ooze (D:1)
  3 dart slugs (D:1)
  A leopard gecko (D:2)
  6 bats
  2 giant cockroaches (D:2)
  4 goblins
  7 hobgoblins
  3 jackals (D:2)
  A ball python (D:2)
  3 frilled lizards
  7 kobolds
  7 rats
50 creatures vanquished.

Notes
Turn   | Place    | Note
-------+----------+-------------------------------------------
     0 | D:1      | slep the Demonspawn Gladiator began the quest for the Orb.
     0 | D:1      | Reached XP level 1. HP: 16/16 MP: 1/1
    90 | D:1      | Gained mutation: You are slightly more attuned to the shadows. [demonic ancestry]
    90 | D:1      | Reached XP level 2. HP: 10/22 MP: 2/2
   308 | D:1      | Reached XP level 3. HP: 23/27 MP: 3/3
   339 | D:1      | You fall through a shaft!
   405 | D:2      | Found a shattered altar of Ashenzari.
   793 | D:2      | Noticed Jessica
   800 | D:2      | Killed Jessica
   800 | D:2      | Reached XP level 4. HP: 18/33 MP: 4/4
   885 | D:2      | Reached skill level 1 in Armour
   885 | D:2      | Reached skill level 1 in Stealth
  1462 | D:3      | Noticed a two-headed ogre
  1472 | D:3      | Mangled by a two-headed ogre

Vault maps used:
D:1:      minmay_arrival_semitransparent
D:2:      nicolae_ashenzari_panopticon, uniq_jessica
D:3:      marbit_many_paths, first_bread

Skill      XL: |  1  2  3  4 |
---------------+-------------+-----
Long Blades    | 3 |  3.8
Dodging        | 3 |  3.4
Armour         | 1 |  1.2
Stealth        | 1 |  1.1
Fighting       | |  2.2
Throwing       | |  1.8

Action                   |  1- 3 |  4- 6 || total
-------------------------+-------+-------++-------
Melee: Long sword        |   102 |    21 ||   123
Throw: Throwing net      |       |     2 ||     2
 Stab: Sleeping          |     6 |       ||     6
       Held in net/web   |       |     2 ||     2
  Eat: Chunk             |       |     2 ||     2
Armor: Leather armour    |    39 |       ||    39
       Chain mail        |    19 |    14 ||    33
Dodge: Dodged            |    65 |    13 ||    78
       Rpst.: Long sword |    32 |     6 ||    38

Table legend:
 A = Spawn XP
 B = Non-spawn XP
 C = Spawn XP percentage of total XP
 D = Spawn monster count
 E = Non-spawn monster count
 F = Spawn count percentage of total count
 G = Total turns spent on level
                    A         B        C        D         E        F      G
               +---------+---------+-------+---------+---------+-------+---------
         Total |       0 |     172 |   0.0 |       0 |      50 |   0.0 |  1472
               +---------+---------+-------+---------+---------+-------+---------
           D:1 |       0 |      42 |   0.0 |       0 |      20 |   0.0 |   339
           D:2 |       0 |      93 |   0.0 |       0 |      21 |   0.0 |   760
           D:3 |       0 |      37 |   0.0 |       0 |       9 |   0.0 |   373
               +---------+---------+-------+---------+---------+-------+---------
